 Dungeon Crawl Stone Soup version 0.21-a0-521-g1cd18d1 (webtiles) character file.

320 Gerstahl the Chopper (level 6, 0/56 HPs)
             Began as a Draconian Gladiator on Dec 5, 2017.
             Succumbed to nht's ghost's poison
             ... in a sewer.
             The game lasted 00:05:55 (3039 turns).

Gerstahl the Chopper (Draconian Gladiator)          Turns: 3039, Time: 00:05:56

Health: 0/56       AC:  6    Str: 19    XL:     6   Next: 22%
Magic:  6/6        EV: 13    Int:  8    God:
Gold:   93         SH:  0    Dex: 12    Spells: 5/5 levels left

rFire    . . .     SeeInvis .   a - +0 war axe
rCold    . . .     Gourm    .   (no shield)
rNeg     . . .     Faith    .   (armour unavailable)
rPois    .         Spirit   .   b - +0 hat
rElec    .         Reflect  .   (no cloak)
rCorr    .         Harm     .   (no gloves)
MR       .....                  (no boots)
Stlth    +.........             (no amulet)
HPRegen  0.18/turn              (no ring)
MPRegen  0.10/turn              (no ring)

@: lethally poisoned (0 -> -4), very slow
A: unfitting armour, cold-blooded, AC +6
a: no special abilities


You were in a sewer.
You were not hungry.

You visited 1 branch of the dungeon, and saw 3 of its levels.
You also visited: Sewer.

You collected 93 gold pieces.

Inventory:

Hand Weapons
 a - a +0 war axe (weapon)
Missiles
 c - 3 throwing nets (quivered)
Armour
 b - a +0 hat (worn)
Jewellery
 t - an uncursed ring of poison resistance {unknown}
 v - an uncursed ring of positive energy
Wands
 r - a wand of digging (17)
 s - a wand of acid (3)
Scrolls
 e - a scroll of identify
 f - a scroll of fear {unknown}
 g - 2 scrolls of enchant weapon {unknown}
 h - a scroll of amnesia {unknown}
 j - 2 scrolls of teleportation {unknown}
 k - a scroll of immolation {unknown}
 l - a scroll of enchant armour {unknown}
 m - 2 scrolls of magic mapping
 o - a scroll of blinking
 p - a scroll of remove curse
Potions
 q - a potion of mutation {unknown}
 w - 2 potions of haste {unknown}
Books
 u - a book of Geomancy

   Spells                             Type                      Level
   a - Sandblast                      Earth                        1
   b - Passwall                       Transmutation/Earth          2
   c - Stone Arrow                    Conjuration/Earth            3
   d - Petrify                        Transmutation/Earth          4
   e - Lee's Rapid Deconstruction     Earth                        5
Comestibles
 d - 5 bread rations
 i - 4 fruits


   Skills:
 + Level 5.3 Fighting
 + Level 5.3 Axes
 - Level 1.7 Throwing
 - Level 2.6 Dodging


You had 5 spell levels left.
You didn't know any spells.

Dungeon Overview and Level Annotations

Branches:
Dungeon (3/15)

Altars:

Annotations:
Sewer nht's ghost, novice HaBe


Innate Abilities, Weirdness & Mutations

Your plain brown scales are hard. (AC +6)
You cannot fit into any form of body armour.
You are cold-blooded and may be slowed by cold attacks.


Message History

You feel better.
Nht's ghost hits you but does no damage.
You are poisoned.
You feel sick. Nht's ghost hits you!
* * * LOW HITPOINT WARNING * * *
* * * LOW HITPOINT WARNING * * *
You feel sick.
You feel better. Nht's ghost hits you.
* * * LOW HITPOINT WARNING * * *
You are lethally poisoned!
* * * LOW HITPOINT WARNING * * *
You feel sick. Nht's ghost barely misses you.
Okay, then.
* * * LOW HITPOINT WARNING * * *
You feel sick.
You see here a ball python skeleton.
Why would you want to do that?
You enter the shallow water.
Moving in this stuff is going to be slow.
You die...

#≈≈≈≈≈≈# #≈≈≈≈≈≈#
#### ≈≈ #≈≈≈≈≈≈#
#≈≈≈≈≈≈# ≈ #≈≈≈≈#≈#
#≈≈≈≈≈≈# #≈≈≈#≈≈#
#≈≈≈≈≈≈# #≈≈≈≈≈≈#
#≈≈≈≈÷≈# #≈≈≈≈≈≈#
#≈≈.÷≈≈# #≈≈≈#≈.#
#.†W.≈≈# #≈≈≈≈≈†#
#≈÷÷≈.≈# #≈≈≈≈≈≈#
#≈@≈≈≈≈# #≈≈≈#≈≈#
#≈≈≈≈≈≈# #≈≈≈≈≈≈#
#≈≈≈≈≈≈# #≈≈≈≈≈≈#
#≈≈≈≈≈≈# #≈≈†≈≈≈#
#≈≈≈≈≈≈# #≈≈≈≈≈≈#
#≈≈≈≈≈≈# #≈≈≈≈≈≈#
#####≈≈≈≈≈≈# ##.≈≈.##
#..###≈..≈##
#......###..##......#


You could see nht's ghost.

Vanquished Creatures
  Jessica (D:2)
  12 adders
  7 river rats (Sewer)
  3 oozes (D:2)
  2 worms (D:2)
  5 dart slugs
  2 leopard geckos
  8 ball pythons
  7 bats
  6 giant cockroaches
  4 goblins
  8 hobgoblins
  6 jackals
  A quokka (D:2)
  3 frilled lizards
  6 kobolds
  32 rats
113 creatures vanquished.

Notes
Turn   | Place    | Note
-------+----------+-------------------------------------------
     0 | D:1      | Gerstahl the Draconian Gladiator began the quest for the Orb.
     0 | D:1      | Reached XP level 1. HP: 17/17 MP: 1/1
    73 | D:1      | Reached XP level 2. HP: 15/25 MP: 2/2
   403 | D:1      | Reached XP level 3. HP: 19/31 MP: 3/3
  1197 | D:2      | Reached XP level 4. HP: 35/40 MP: 4/4
  1663 | D:2      | Noticed Jessica
  1668 | D:2      | Killed Jessica
  1668 | D:2      | Reached XP level 5. HP: 37/47 MP: 5/5
  2213 | D:3      | Found a glowing drain.
  2464 | Sewer    | Entered a sewer
  2500 | Sewer    | Reached skill level 5 in Axes
  2529 | Sewer    | Reached skill level 5 in Fighting
  2751 | Sewer    | Reached XP level 6. HP: 50/56 MP: 6/6
  2892 | Sewer    | Noticed nht's ghost (novice HaBe)
  3021 | Sewer    | HP: 2/56 [poisoned by nht's ghost]
  3033 | Sewer    | HP: 2/56 [nht's ghost (12)]
  3038 | Sewer    | HP: 1/56 [poisoned by nht's ghost]
  3039 | Sewer    | Succumbed to nht's ghost's poison

Vault maps used:
D:1:      dpeg_arrival_leaves_temple_mockup
D:2:      minmay_unequal, uniq_jessica
D:3:      minmay_goblin_kobold_castle,
          chequers_temple_overflow_statue_of_worship, gup_sewer_entry_bubbles,
          uniq_crazy_yiuf_cottage, uniq_terence, uniq_grinder
Sewer:    sewer_minmay_w

Skill      XL: |  1  2  3  4  5 |
---------------+----------------+-----
Fighting       | 3 4 5 |  5.3
Axes           | 4 5 |  5.3
Throwing       | |  1.7
Dodging        | |  2.6

Action                   |  1- 3 |  4- 6 || total
-------------------------+-------+-------++-------
Melee: War axe           |    95 |   213 ||   308
       Tailslap          |    11 |    25 ||    36
Throw: Throwing net      |       |     3 ||     3
  Use: Scroll            |       |     4 ||     4
       Potion            |       |     6 ||     6
 Stab: Sleeping          |       |     1 ||     1
  Eat: Chunk             |       |     4 ||     4
       Meat ration       |       |     1 ||     1
Armor: Skin              |    38 |    89 ||   127
Dodge: Dodged            |    86 |   190 ||   276

Table legend:
 A = Spawn XP
 B = Non-spawn XP
 C = Spawn XP percentage of total XP
 D = Spawn monster count
 E = Non-spawn monster count
 F = Spawn count percentage of total count
 G = Total turns spent on level
                    A         B        C        D         E        F      G
               +---------+---------+-------+---------+---------+-------+---------
         Total |       0 |     458 |   0.0 |       0 |     113 |   0.0 |  3039
               +---------+---------+-------+---------+---------+-------+---------
           D:1 |       0 |      54 |   0.0 |       0 |      28 |   0.0 |   883
           D:2 |       0 |     201 |   0.0 |       0 |      37 |   0.0 |  1259
           D:3 |       0 |      39 |   0.0 |       0 |      10 |   0.0 |   322
         Sewer |       0 |     164 |   0.0 |       0 |      38 |   0.0 |   575
               +---------+---------+-------+---------+---------+-------+---------
